 Dungeon Crawl Stone Soup version 0.22-a0-469-gf26638a71f (webtiles) character file.

119 Faustar the Cudgeler (level 5, -2/54 HPs)
             Began as an Ogre Monk on June 12, 2018.
             Slain by an orc
             ... wielding a +5 short sword
              (9 damage)
             ... on level 2 of the Dungeon.
             The game lasted 00:02:21 (1922 turns).

Faustar the Cudgeler (Ogre Monk)                    Turns: 1922, Time: 00:02:21

Health: -2/54      AC:  4    Str: 16    XL:     5   Next: 3%
Magic:  5/5        EV: 10    Int: 11    God:
Gold:   85         SH:  0    Dex: 11    Spells: 4/4 levels left

rFire    . . .     SeeInvis .   e - +0 flail
rCold    . . .     Gourm    .   (no shield)
rNeg     . . .     Faith    .   b - +0 robe
rPois    .         Spirit   .   (helmet restricted)
rElec    .         Reflect  .   g - +0 cloak
rCorr    .         Harm     .   (gloves unavailable)
MR       .....                  (boots unavailable)
Stlth    ++........             (no amulet)
HPRegen  0.18/turn              (no ring)
MPRegen  0.09/turn              (no ring)

@: no status effects
A: large, unfitting armour, tough skin 1
a: no special abilities


You were on level 2 of the Dungeon.
You were not hungry.

You visited 1 branch of the dungeon, and saw 3 of its levels.

You collected 85 gold pieces.

Inventory:

Hand Weapons
 a - a +0 mace
 e - a +0 flail (weapon)
Armour
 b - a +0 robe (worn)
 g - a +0 cloak (worn)
Scrolls
 d - a scroll of fear {unknown}
 i - a scroll of enchant armour {unknown}
 j - 3 scrolls of amnesia {unknown}
 l - a scroll of immolation {unknown}
 m - 5 scrolls of identify {unknown}
 n - a scroll of remove curse {unknown}
Potions
 f - a potion of agility {unknown}
 h - 3 potions of degeneration {unknown}
 k - a potion of heal wounds {unknown}
 o - a potion of haste {unknown}
Comestibles
 c - 7 rations
 p - 2 chunks of flesh


   Skills:
 - Level 4.0 Fighting
 + Level 5.0 Maces & Flails
 - Level 2.6 Dodging
 - Level 1.4 Stealth


You had 4 spell levels left.
You didn't know any spells.
Your spell library was empty.

Dungeon Overview and Level Annotations

Branches:
Dungeon (3/15)

Altars:
Elyvilon

Annotations:
D:2 1 exclusion, Sigmund


Innate Abilities, Weirdness & Mutations

You are too large for most types of armour.
You have tough skin. (AC +1)


Message History

There is an open door here.
You barely miss the orc. The orc barely misses you.
You closely miss the orc.
The orc hits you with an enchanted short sword.
The orc barely misses you.
There is an escape hatch in the ceiling here.
The orc hits you with an enchanted short sword!
* * * LOW HITPOINT WARNING * * *
The orc barely misses you. A mysterious force pulls you upwards.
The hatch slams shut behind you.
Level annotation: 1 exclusion, Sigmund You hit the orc.
The orc is heavily wounded.
The orc hits you with an enchanted short sword!
* * * LOW HITPOINT WARNING * * *
You hit the orc.
The orc is severely wounded.
The orc barely misses you.
The orc hits you with an enchanted short sword!
You die...

#.# #.# #.#####.# # #.#
######.###.# #.# # #.#
#........#.# #.# # #.#
#.#....#.#.# #.# #.#
#.#.####.#.# #.# #.#
#.#.#...<#.# #.# #.#
#.#.##.#.#.# #.# #.#
#.....o#.#.# #.# #.#
#.....@..#.# #.# #.#
#..#######.# #.#
#.#####..........#####.#
#......................#
########...##########..#
#...# #..# ### #...#
#..# #.###...# #..#
#.[.....# #..#


You could see an orc.

Vanquished Creatures
  An orc priest (D:3)
  A gnoll (D:1)
  3 adders (D:2)
  An ooze (D:2)
  2 worms (D:2)
  3 dart slugs (D:1)
  4 bats
  3 giant cockroaches
  7 goblins
  3 hobgoblins
  5 jackals
  A frilled lizard (D:2)
  2 kobolds (D:1)
  4 rats
40 creatures vanquished.

Vanquished Creatures (others)
  A quokka (D:2)
  A frilled lizard (D:2)
2 creatures vanquished.

Grand Total: 42 creatures vanquished

Notes
Turn   | Place    | Note
-------+----------+-------------------------------------------
     0 | D:1      | Faustar the Ogre Monk began the quest for the Orb.
     0 | D:1      | Reached XP level 1. HP: 24/24 MP: 1/1
    44 | D:1      | Reached skill level 3 in Maces & Flails
    44 | D:1      | Reached XP level 2. HP: 14/32 MP: 2/2
   407 | D:1      | Reached XP level 3. HP: 39/39 MP: 3/3
   679 | D:2      | Reached skill level 4 in Maces & Flails
  1049 | D:2      | Reached XP level 4. HP: 48/48 MP: 4/4
  1095 | D:2      | Found a white marble altar of Elyvilon.
  1148 | D:2      | Noticed Sigmund
  1886 | D:3      | Reached skill level 5 in Maces & Flails
  1886 | D:3      | Reached XP level 5. HP: 36/54 MP: 5/5
  1922 | D:2      | Slain by an orc

Vault maps used:
D:1:      dpeg_arrival_long_road, nrook_mini_vaults, palyth_stone_intersect
D:2:      elyvilon_altar_4, uniq_sigmund
D:3:      cheibrodos_ashenzari_chains, yredelemnul_altar_generic

Skill      XL: |  1  2  3  4 |
---------------+-------------+-----
Maces & Flails | 3 4 5 |  5.0
Fighting       | |  4.0
Dodging        | |  2.6
Stealth        | |  1.4

Action                   |  1- 3 |  4- 6 || total
-------------------------+-------+-------++-------
Melee: Mace              |     8 |       ||     8
       Flail             |    79 |    36 ||   115
 Stab: Sleeping          |     3 |     2 ||     5
  Eat: Chunk             |       |     3 ||     3
Armor: Robe              |    37 |    10 ||    47
Dodge: Dodged            |    69 |    29 ||    98

Table legend:
 A = Spawn XP
 B = Non-spawn XP
 C = Spawn XP percentage of total XP
 D = Spawn monster count
 E = Non-spawn monster count
 F = Spawn count percentage of total count
 G = Total turns spent on level
                    A         B        C        D         E        F      G
               +---------+---------+-------+---------+---------+-------+---------
         Total |       0 |     171 |   0.0 |       0 |      40 |   0.0 |  1922
               +---------+---------+-------+---------+---------+-------+---------
           D:1 |       0 |      47 |   0.0 |       0 |      17 |   0.0 |   671
           D:2 |       0 |      79 |   0.0 |       0 |      20 |   0.0 |  1135
           D:3 |       0 |      45 |   0.0 |       0 |       3 |   0.0 |   116
               +---------+---------+-------+---------+---------+-------+---------
